Map: New Repugnancy LE

Players

PtitDrogo

  • Race: Protoss Protoss
  • League: Master
  • Spawn Location: 7:00

GOReynor (Reynor) - Winner!

  • Race: Zerg Zerg
  • League: Master
  • Spawn Location: 1:00

Event: QLASH StarCraft II Invitational 2 Offline Finals

VOD

Have the link to the VOD?

Description

Time

  • Played on: July 27, 2019, 4:38 p.m.
  • Length: 8:27

All games in this series

Show
View Real Time Build Order
Export as new Build Order

PtitDrogo Protoss 

Build Orders: 1 Gate Expand, Zealot Archon 

Get SALT Encoding   

  12  0:00  Probe  
  13  0:12  Probe  
  14  0:19  Pylon  
  14  0:25  Probe  
  15  0:33  Probe  
  15  0:41  Gateway, Probe  
  17  0:50  Assimilator  
  17  0:52  Probe  
  18  1:04  Probe  
  19  1:16  Probe  
  20  1:28  Nexus  
  20  1:36  Cybernetics Core  
  20  1:39  Probe  
  21  1:45  Assimilator  
  21  1:52  Probe  
  22  1:54  Pylon  
  22  2:02  Adept  
  22  2:04  Probe  
  25  2:16  Probe  
  25  2:17  Twilight Council  
  25  2:21  Warp Gate  
  26  2:28  Probe  
  27  2:32  Stalker  
  29  2:37  Probe x2  
  31  2:45  Probe x2  
  33  2:55  Robotics Facility  
  33  2:57  Probe  
  34  3:03  Probe  
  34  3:09  Probe  
  34  3:15  Probe  
  35  3:21  Probe  
  35  3:24  Gateway  
  35  3:26  Gateway  
  36  3:37  Probe  
  37  3:41  Gateway  
  37  3:43  Immortal  
  37  3:46  Gateway  
  37  3:50  Charge  
  41  3:56  Probe  
  41  3:58  Probe  
  41  4:02  Pylon  
  43  4:08  Probe  
  44  4:14  Probe, Pylon  
  44  4:16  Warp Prism  
  45  4:19  Dark Shrine  
  45  4:29  Probe  
  45  4:30  Probe  
  49  4:34  Assimilator  
  49  4:36  Assimilator  
  49  4:41  Probe  
  49  4:42  Probe  
  51  4:46  Zealot x2  
  51  4:50  Pylon  
  55  4:53  Probe  
  55  4:55  Probe  
  57  5:01  Adept  
  57  5:05  Probe  
  60  5:10  Probe  
  60  5:14  Pylon  
  61  5:22  Zealot x4  
  69  5:44  Probe  
  69  5:49  Nexus, Probe  
  61  5:51  Immortal  
  61  5:52  Dark Templar x3  
  61  5:53  Dark Templar  
  61  5:56  Archon  
  67  6:02  Sentry  
  70  6:14  Probe  
  69  6:21  Dark Templar  
  69  6:23  Probe  
  68  6:29  Zealot  
  70  6:35  Probe  
  67  6:43  Probe  
  67  6:45  Gateway  
  67  6:46  Gateway  
  68  6:47  Forge, Probe, Pylon  
  68  6:49  Immortal  
  68  6:50  Pylon  
  69  6:57  Probe  
  74  7:03  Sentry x2  
  74  7:04  Zealot x3, Probe  
  74  7:05  Probe  
  86  7:13  Probe  
  85  7:23  Shield Battery  
  85  7:24  Shield Battery  
  85  7:26  Dark Templar x2  
  90  7:30  Archon  
  90  7:31  Dark Templar  
  92  7:43  Zealot x2  
  82  7:48  Probe  
  76  7:55  Probe  
  65  7:59  Dark Templar x2  
  65  8:03  Probe  
  61  8:14  Zealot x3, Probe x2  
Show
View Real Time Build Order
Export as new Build Order

GOReynor Zerg - Winner!

Build Orders: Hatch First 

Get SALT Encoding   

  12  0:00  Drone  
  13  0:12  Overlord  
  13  0:16  Drone  
  14  0:30  Drone x2  
  16  0:45  Drone  
  17  0:54  Hatchery  
  17  0:55  Drone  
  17  1:01  Drone  
  18  1:09  Extractor  
  17  1:15  Spawning Pool  
  17  1:18  Drone  
  17  1:21  Drone  
  18  1:28  Drone  
  19  1:38  Drone  
  20  1:51  Overlord  
  20  2:01  Zergling x2  
  20  2:05  Queen x2  
  20  2:06  Zergling x2  
  26  2:10  Drone  
  26  2:12  Metabolic Boost  
  27  2:22  Drone  
  30  2:30  Drone x2  
  30  2:39  Hatchery  
  29  2:48  Zergling x4  
  31  2:54  Roach Warren  
  31  2:57  Drone  
  30  3:10  Drone x2  
  30  3:11  Drone  
  32  3:15  Overlord  
  32  3:19  Drone  
  33  3:21  Drone x2  
  33  3:24  Overlord  
  36  3:34  Drone x3  
  38  3:42  Zergling x2  
  38  3:45  Zergling x2  
  38  3:46  Drone, Lair  
  38  3:47  Drone x2  
  43  3:53  Overlord  
  43  3:54  Drone  
  44  3:55  Drone  
  44  3:57  Drone  
  44  3:58  Drone  
  44  4:01  Drone  
  44  4:02  Drone  
  49  4:06  Overlord  
  49  4:08  Drone  
  50  4:11  Spore Crawler  
  50  4:14  Overlord  
  49  4:17  Zergling x4  
  49  4:18  Zergling x2  
  49  4:22  Drone x3  
  49  4:24  Drone  
  56  4:28  Queen  
  58  4:33  Roach Warren  
  58  4:34  Zergling x2  
  58  4:35  Zergling x2  
  58  4:37  Zergling x2  
  58  4:38  Zergling x2  
  61  4:43  Overlord  
  61  4:44  Overseer  
  61  4:46  Drone, Extractor  
  61  4:47  Extractor  
  61  4:49  Zergling x2  
  61  4:50  Zergling x4  
  63  4:53  Drone, Overlord  
  63  4:54  Drone  
  63  4:56  Drone  
  63  4:59  Overlord  
  66  5:04  Drone  
  67  5:08  Drone  
  70  5:14  Roach x4  
  70  5:16  Roach  
  70  5:19  Roach  
  80  5:25  Roach x2  
  80  5:27  Roach x2  
  80  5:28  Roach x2  
  91  5:37  Roach x5  
  91  5:40  Overlord  
  95  5:51  Glial Reconstitution  
  95  5:52  Drone x2  
  95  5:53  Drone  
  95  5:55  Extractor  
  97  5:58  Roach x2  
  99  6:11  Overlord  
  99  6:12  Roach, Zergling x6  
  99  6:13  Nydus Network  
  99  6:17  Roach, Zergling x4  
  107  6:20  Roach, Zergling x2  
  107  6:25  Overseer  
  98  6:34  Zergling x12  
  98  6:35  Zergling x2  
  98  6:38  Overseer  
  98  6:42  Roach x2  
  102  6:47  Roach  
  102  6:50  Zergling x8  
  108  6:56  Nydus Canal  
  108  6:58  Roach  
  110  7:01  Zergling x4  
  110  7:02  Roach, Zergling x4  
  110  7:06  Roach  
  118  7:11  Overlord  
  118  7:14  Overlord  
  116  7:19  Overlord  
  116  7:22  Nydus Canal  
  109  7:24  Roach x2  
  109  7:28  Roach  
  112  7:32  Roach x2  
  108  7:39  Roach  
  104  7:44  Roach  
  104  7:47  Roach  
  104  7:50  Roach  
  108  7:55  Roach  
  108  7:58  Roach  
  109  8:05  Roach x2  
Tags
 
Add a new tag
Caveats
  • Supply blocks, unpowered buildings, or Contaminate may cause inaccurate times.
  • Supply counts are checked every 10 seconds.